 Dungeon Crawl Stone Soup version 0.28.0-53-g5a82cb258f (webtiles) character file.

Game seed: 3330121054363217512

87 Descartes the Covert (level 4, 0/24 HPs)
             Began as a Spriggan Delver on Aug 14, 2022.
             Slain by Prince Ribbit (10 damage)
             ... on level 5 of the Dungeon.
             The game lasted 00:01:19 (150 turns).

Descartes the Covert (Spriggan Delver)               Turns: 150, Time: 00:01:20

Health: 0/24       AC:  2    Str: 10    XL:     4   Next: 28%
Magic:  5/5        EV: 18    Int: 17    God:
Gold:   0          SH:  0    Dex: 16    Spells: 3/3 levels left

rFire   . . .      SeeInvis +   a - +0 short sword
rCold   . . .      Faith    .   (no shield)
rNeg    . . .      Spirit   .   b - +0 robe
rPois   .          Reflect  .   (helmet restricted)
rElec   .          Harm     .   (no cloak)
rCorr   .          Rampage  .   (gloves unavailable)
Will    .....                   (boots unavailable)
Stlth   ++++......              (no amulet)
HPRegen 0.08/turn               h - +6 ring of intelligence
MPRegen 0.09/turn               (no ring)

@: very quick
A: very small, no large weapons, unfitting armour, see invisible, speed 3
a: no special abilities


You were on level 5 of the Dungeon.
You visited 1 branch of the dungeon, and saw 2 of its levels.

Inventory:

Hand Weapons
 a - a +0 short sword (weapon)
 l - a +0 fustibalus
Missiles
 j - 41 stones (quivered)
 k - 5 boomerangs
Armour
 b - a +0 robe (worn)
Jewellery
 h - a +6 ring of intelligence (left hand)
Wands
 g - a wand of digging (3)
Scrolls
 c - a scroll of fog
 d - a scroll of magic mapping
 e - a scroll of fear
Potions
 f - a potion of haste
 i - a potion of curing {unknown}


   Skills:
 + Level 3.0 Fighting
 + Level 3.1 Short Blades
 + Level 3.8 Dodging
 + Level 8.0 Stealth


You had 3 spell levels left.
You didn't know any spells.
Your spell library was empty.

Dungeon Overview and Level Annotations

Branches:
Dungeon (5/15)
 Temple: D:4-7

Altars:
Xom

Annotations:
D:5 Prince Ribbit


Innate Abilities, Weirdness & Mutations

You are very small and have problems with some larger weapons.
You are too small for most types of armour.
You have supernaturally acute eyesight. (SInv)
You cover ground extremely quickly. (Speed+++)


Message History

The necrophage is almost destroyed.
The necrophage hits you but does no damage.
You hit the necrophage. You punch the necrophage.
You destroy the necrophage!
Your life force feels restored.
Your Fighting skill increases to level 3!
Your Short Blades skill increases to level 3!
Your Dodging skill increases to level 3!
Your Stealth skill increases to level 8!
You have reached level 2!
You have reached level 3!
Your experience leads to an increase in your attributes!
Your base attributes are Str 8, Int 11, Dex 16.
Increase (S)trength, (I)ntelligence, or (D)exterity?
You feel stronger. x2
You have reached level 4!
j - 29 stones (gained 2)
j - 30 stones (gained 1)
j - 32 stones (gained 2)
j - 34 stones (gained 2)
j - 35 stones (gained 1)
Found a club.
j - 36 stones (gained 1)
j - 40 stones (gained 4)
j - 41 stones (gained 1)
An iguana comes into view.
You are too injured to fight recklessly!
The iguana hisses angrily.
Prince Ribbit comes into view.
You are too injured to fight recklessly!
You hit Prince Ribbit.
Prince Ribbit is lightly wounded.
Prince Ribbit misses you.
You hit Prince Ribbit.
Prince Ribbit is moderately wounded.
Prince Ribbit completely misses you.
You hit Prince Ribbit.
Prince Ribbit is moderately wounded.
Prince Ribbit hits you!
You die...

.##### .....# .....#
.....# .....# #######
.....###.....#
.............# #
##.####......#####.#####
..... #.........@F.....#
......#..........#####.#
......#..........#
.._..............#
......#......#####
...#...l..# .. #......#
#......# ............#


You could see Prince Ribbit and an iguana.

Vanquished Creatures
  A necrophage (D:5)
  A dart slug (D:5)
  A quokka (D:5)
3 creatures vanquished.

Notes
Turn   | Place    | Note
-------+----------+-------------------------------------------
     0 | D:5      | Descartes the Spriggan Delver began the quest for the Orb.
     0 | D:5      | Reached XP level 1. HP: 11/11 MP: 2/2
    20 | D:4      | Noticed an orc priest
    84 | D:5      | Found a shimmering altar of Xom.
    96 | D:5      | Noticed a necrophage
   116 | D:5      | Killed a necrophage
   117 | D:5      | Reached skill level 8 in Stealth
   117 | D:5      | Reached XP level 2. HP: 5/16 MP: 3/3
   117 | D:5      | Reached XP level 3. HP: 7/20 MP: 4/4
   117 | D:5      | Reached XP level 4. HP: 8/24 MP: 5/5
   143 | D:5      | Noticed Prince Ribbit
   150 | D:5      | Slain by Prince Ribbit

Illustrated notes

Levels and vault maps discovered:
D:4:      layout_basic, cheibrodos_sewer_entry_drain,
          hellmonk_ghost_happy_afterlife, uniq_duvessa
D:5:      layout_basic, old_standard_altar, uniq_prince_ribbit1

Skill      XL: |  1 |
---------------+----+-----
Fighting       | 3 |  3.0
Short Blades   | 3 |  3.1
Dodging        | 3 |  3.8
Stealth        | 8 |  8.0

Action                   |  1- 3 |  4- 6 || total
-------------------------+-------+-------++-------
Melee: Short sword       |    11 |     3 ||    14
       Punch             |     1 |       ||     1
 Fire: Fustibalus        |    19 |       ||    19
Armor: Robe              |     2 |       ||     2
Dodge: Dodged            |    14 |     2 ||    16
